 Dungeon Crawl Stone Soup version 0.32-a0-666-ge8a88695a4 (webtiles) character file.

Game seed: 1671309575275420516

1596 ezpacito the Chopper (level 8, -2/58 (62) HPs)
             Began as a Coglin Chaos Knight on Mar 10, 2024.
             Was a Plaything of Xom.
             Slain by a wight
             ... wielding a +1 falchion
              (4 damage)
             ... on level 6 of the Dungeon.
             The game lasted 00:05:08 (4120 turns).

ezpacito the Chopper (Coglin Chaos Knight)          Turns: 4120, Time: 00:05:08

HP:   -2/58 (62)    AC:  6    Str: 14    XL:     8   Next: 93%
MP:   11/11         EV: 13    Int:  7    God:    Xom [*.....]
Gold: 208           SH:  0    Dex: 14    Spells: 11/11 levels left

rFire   + + .        x - +5 spear "Besch" {protect, rElec rF+ Will+ Int-5}
rCold   + + .        a - +0 hand axe (chaos) {Ferran}
rNeg    . . .        j - +2 leather armour {rC+}
rPois   +            (no helmet)
rElec   +            (no cloak)
rCorr   +            k - +0 pair of gloves
SInv    .            (no boots)
Will    +....        (amulet unavailable)
Stlth   ++           (ring unavailable)
HPRegen 0.29/turn    (ring unavailable)
MPRegen 0.12/turn    (no gizmo)

%: no passive effects
@: resistant, hasted, drained, revving, very quick
A: off-hand wielding, slow wielding, warmup strikes, no jewellery, wild magic 1,
sturdy frame 1
a: Invent Gizmo, Renounce Religion


You were on level 6 of the Dungeon.
You worshipped Xom.
You were a special plaything of Xom.
You visited 2 branches of the dungeon, and saw 7 of its levels.

You collected 208 gold pieces.

Inventory:

Hand Weapons
 a - a +0 hand axe of chaos (offhand) {Ferran}
 c - a +4 trident
 d - a +0 dagger {Minjun}
 q - a +0 war axe of flaming
 r - a +2 short sword of draining {Ashmeen}
 x - the +5 spear "Besch" (weapon) {protect, rElec rF+ Will+ Int-5}
   (You found it on level 3 of the Dungeon)

   Int-5:     It affects your intelligence (-5).
   rF+:       It protects you from fire.
   rElec:     It insulates you from electricity.
   Will+:     It increases your willpower.
Missiles
 s - 6 poisoned darts (quivered)
 y - 10 curare-tipped darts
Armour
 h - a +0 chain mail
 j - a +2 leather armour of cold resistance (worn)
 k - a +0 pair of gloves (worn)
 o - the +2 robe "Zanacec" {Harm Str+3 Int-4 Dex+3}
   (You found it on level 2 of the Dungeon)

   Str+3:     It affects your strength (+3).
   Int-4:     It affects your intelligence (-4).
   Dex+3:     It affects your dexterity (+3).
   Harm:      It increases damage dealt and taken.
 w - a +2 cloak of preservation
Magical Staves
 e - a staff of conjuration
Wands
 i - a wand of charming (10)
Scrolls
 p - 2 scrolls of immolation
 t - 3 scrolls of teleportation
Potions
 l - a potion of degeneration {unknown}
 m - a potion of enlightenment {unknown}
 n - a potion of lignification {unknown}


   Skills:
 * Level 5.2 Fighting
 * Level 5.3(5.8) Axes
 + Level 1.7(3.5) Maces & Flails
 + Level 2.4(4.0) Polearms
 * Level 4.3 Armour
 * Level 3.9 Dodging
 + Level 2.4 Stealth
 + Level 2.1 Spellcasting
 + Level 3.5 Evocations


You had 11 spell levels left.
You didn't know any spells.
Your spell library contained the following spells:

 Spells                   Type           Power      Damage    Failure   Level
 Slow                     Hex            0%         N/A       45%         1
 Confusing Touch          Hex            0%         N/A       82%         3
 Inner Flame              Hex/Fire       0%         N/A       82%         3
 Sigil of Binding         Hex            0%         N/A       82%         3
 Vampiric Draining        Necr           0%         2d6       82%         3
 Flame Wave               Conj/Fire      0%         2d4       99%         4
 Sticky Flame             Fire/Alch      0%         2d4       99%         4


Dungeon Overview and Level Annotations

Branches:
Dungeon (6/15)             Temple (1/1) D:6

Altars:
Ashenzari
Cheibriados
Dithmenos
Elyvilon
Fedhas
Gozag
Hepliaklqana
Kikubaaqudgha
Okawaru
Qazlal
Ru
Sif Muna
Trog
Uskayaw
Vehumet
Wu Jian
Xom
Zin


Innate Abilities, Weirdness & Mutations

You can wield a second weapon in your off-hand.
It takes a long time for you to wield or remove held weapons.
Your first few attacks do less damage.
You cannot equip rings or amulets.
Your spells are a little harder to cast, but a little more powerful.
Your movements are slightly less encumbered by armour. (ER -2)


Message History

* * * LOW HITPOINT WARNING * * *
You take 21 damage, and have 10/61 hp.
MASSIVE DAMAGE!!
It was a potion of curing.
You feel better. The wight barely misses you. The wight misses you.
You regained 7 hp, and now have 17/61 hp.
As you read the scroll labelled ORIFOA CADA, it dissolves into smoke.
It was a scroll of fog.
The wight hits you with a +1 falchion.
* * * LOW HITPOINT WARNING * * *
The wight hits you with a +0 heavy war axe.
* * * LOW HITPOINT WARNING * * *
You feel drained.
The wight hits you with a +0 great sword.
* * * LOW HITPOINT WARNING * * *
You take 6 damage, and have 11/60 hp.
You hit the wight with the +5 spear "Besch".
The wight is severely damaged.
You closely miss the wight with your +0 hand axe of chaos.
You hit the wight but do no damage. x2; The wight becomes as fragile as glass!
The wight closely misses you. The wight barely misses you.
The wight closely misses you. The wight attacks as it pursues you!
The wight misses you. The wight attacks as it pursues you!
The wight completely misses you.
You hit the wight but do no damage.
The wight is heavily damaged.
You barely miss the wight with the +5 spear "Besch".
The wight hits you with a +1 falchion.
* * * LOW HITPOINT WARNING * * *
You take 3 damage, and have 9/60 hp.
You hit the wight but do no damage.
The wight is heavily damaged.
You barely miss the wight with the +5 spear "Besch".
The wight attacks as it pursues you! The wight hits you with a +1 falchion!
* * * LOW HITPOINT WARNING * * *
You feel drained.
You take 8 damage, and have 2/58 hp.
Okay, then.
It was a potion of haste.
You feel yourself speed up. The wight hits you with a +1 falchion.
You die...
Xom thinks this is hilarious!

..... # #.#.# # #######§.§#
# .....§§§§§# #
.....§§§§§##### ####
######z§§.^..# #######...
#§#####... ..........
#z########..######.##
#######.zz@.....>.#####...#
.........########..........
######.####### #######...#
#.......##########.##
#######............#
##############


You could see 3 wights.

Vanquished Creatures
  Sigmund (D:2)
  2 ice beasts (D:5)
  3 black bears
  Blork the orc (D:5)
  2 kobold brigands (D:3)
  A scorpion (D:4)
  6 wights (D:6)
  A bombardier beetle (D:3)
  An orc priest (D:4)
  A jelly (D:6)
  A sleepcap (D:6)
  Ijyb (D:5)
  An orc wizard (D:5)
  A river rat (D:6)
  7 adders
  2 gnolls (D:3)
  3 dart slugs
  2 ribbon worms (D:3)
  10 orcs
  5 endoplasms
  A giant cockroach (D:1)
  3 goblins
  9 hobgoblins
  5 jackals (D:1)
  11 kobolds
  A quokka (D:1)
  5 ball pythons
  4 bats
  A frilled lizard (D:1)
  7 rats
99 creatures vanquished.

Vanquished Creatures (collateral kills)
  2 orc priests (D:5)
2 creatures vanquished.

Grand Total: 101 creatures vanquished

Notes
Turn   | Place    | Note
-------+----------+-------------------------------------------
     0 | D:1      | ezpacito the Coglin Chaos Knight began the quest for the
                  | Orb.
     0 | D:1      | Reached XP level 1. HP: 18/18 MP: 1/1
     2 | D:1      | Noticed a merfolk
     4 | D:1      | Noticed a naga
     6 | D:1      | Noticed a draconian
     6 | D:1      | Noticed a dwarf
     8 | D:1      | Noticed a formicid
     8 | D:1      | Noticed a barachi
    10 | D:1      | Noticed a felid
    10 | D:1      | Noticed a demigod
    12 | D:1      | Noticed an octopode
    12 | D:1      | Noticed an oni
    14 | D:1      | Noticed a vampire
    16 | D:1      | Noticed an armataur
    18 | D:1      | Noticed a gargoyle
    18 | D:1      | Noticed a troll
    20 | D:1      | Noticed a ghoul
    20 | D:1      | Noticed a spriggan
    22 | D:1      | Noticed an elf
    22 | D:1      | Noticed a vine stalker
    24 | D:1      | Noticed a demonspawn
    24 | D:1      | Noticed a human
    26 | D:1      | Noticed a djinni
    26 | D:1      | Noticed a tengu
    28 | D:1      | Noticed a minotaur
    45 | D:1      | Reached skill level 1 in Dodging
    60 | D:1      | XOM: silly message
   138 | D:1      | Reached XP level 2. HP: 24/24 MP: 2/2
   314 | D:1      | Reached XP level 3. HP: 26/29 MP: 3/3
   519 | D:1      | XOM: noise
   554 | D:2      | XOM: smoke on damage
   629 | D:2      | Noticed Sigmund
   632 | D:2      | XOM: scenery: summon butterflies
   641 | D:2      | XOM: blink monster(s)
   645 | D:2      | Killed Sigmund
   646 | D:2      | Reached skill level 1 in Polearms
   646 | D:2      | Reached skill level 1 in Stealth
   646 | D:2      | Reached skill level 1 in Evocations
   646 | D:2      | Reached XP level 4. HP: 28/36 MP: 3/5
   646 | D:2      | Reached XP level 5. HP: 32/41 MP: 3/6
   735 | D:2      | Identified the +2 robe "Zanacec" {Harm Str+3 Int-4 Dex+3}
  1034 | D:2      | Reached XP level 6. HP: 47/48 MP: 7/7
  1144 | D:3      | Found a radiant altar of Vehumet.
  1197 | D:3      | Reached skill level 1 in Spellcasting
  1363 | D:3      | You fall into a shaft and drop 2 floors!
  1363 | D:5      | Entered Level 5 of the Dungeon
  1399 | D:5      | XOM: summons 3 friendly demons
  1564 | D:4      | XOM: scenery: create altars
  1567 | D:4      | XOM: polymorph orc -> hobgoblin
  1806 | D:3      | Reached XP level 7. HP: 54/54 MP: 8/8
  1806 | D:3      | XOM: polymorph rat -> endoplasm
  1831 | D:3      | XOM: stat loss: -1 Str (13/14)
  1906 | D:3      | Found a faded altar of an unknown god.
  1913 | D:3      | XOM: summons 2 hostile demons
  2096 | D:3      | Identified the +5 spear "Besch" {protect, rElec rF+ Will+
                  | Int-5}
  2299 | D:3      | XOM: summons 1 hostile demon
  2388 | D:3      | XOM: potion effect (berserk rage)
  2515 | D:4      | XOM: cast spell 'Cause Fear'
  2551 | D:4      | XOM: divination: detect creatures
  2660 | D:4      | XOM: god gift: scroll labelled ODIBRA MOOME {god gift}
  2812 | D:5      | XOM: enchant monster (good)
  2835 | D:5      | Reached skill level 1 in Maces & Flails
  2848 | D:5      | XOM: silly message
  2902 | D:5      | Reached XP level 8. HP: 49/61 MP: 10/10
  3060 | D:5      | Noticed Blork the orc
  3061 | D:5      | Noticed Ijyb
  3068 | D:5      | Killed Ijyb
  3069 | D:5      | XOM: confusion (+ monsters)
  3084 | D:5      | Killed Blork the orc
  3483 | D:6      | XOM: noise
  3495 | D:6      | XOM: silly message
  3499 | D:6      | Reached skill level 5 in Axes
  3501 | D:6      | Reached skill level 5 in Fighting
  3627 | D:5      | XOM: give mutations
  3627 | D:5      | Gained mutation: Your movements are slightly less
                  | encumbered by armour. (ER -2) [Xom's grace]
  3627 | D:5      | Gained mutation: Your spells are a little harder to cast,
                  | but a little more powerful. [Xom's grace]
  3631 | D:6      | XOM: enchant monster (good)
  3636 | D:6      | XOM: scenery: create altars
  3796 | D:6      | XOM: fog
  3893 | D:6      | Found an ornate altar of the Wu Jian Council.
  3935 | D:6      | XOM: noise
  3962 | D:6      | Found a staircase to the Ecumenical Temple.
  3977 | Temple   | Entered the Ecumenical Temple
  4119 | D:6      | HP: 2/60 [wight/+1 falchion (8)]
  4120 | D:6      | Slain by a wight

Illustrated notes

Levels and vault maps discovered:
D:1:      kb_arrival_jail, layout_rooms
D:2:      layout_basic, serial_glass, glass_columns_a, glass_columns_c,
          glass_columns_c, glass_columns_c, glass_columns_b, glass_columns_c,
          glass_columns_a, glass_columns_a, glass_columns_a, glass_columns_b,
          minivault_25, uniq_sigmund
D:3:      cheibrodos_thug_alley, layout_basic, nicolae_vehumet_altar_sigil,
          hellmonk_ecumenical_altar_run_dry
D:4:      layout_rooms
D:5:      layout_loops_cross, nicolae_tricolors, uniq_blork_the_orc, uniq_ijyb
D:6:      layout_loops_ring, mainiacjoe_overflow_cross_hatched,
          minmay_temple_entry_drinking_statues
Temple:   compressed_dpeg_triangle_lava_temple

Skill      XL: |  1  2  3  4  5  6  7  8 |
---------------+-------------------------+-----
Dodging        | 1 2 3 |  3.9
Armour         | 2 3 4 |  4.3
Polearms       | 1 2 |  2.4
Stealth        | 1 2 |  2.4
Evocations     | 1 2 3 |  3.5
Spellcasting   | 1 2 |  2.1
Axes           | 4 5 |  5.3
Fighting       | 4 5 |  5.2
Maces & Flails | 1 |  1.7

Action                     |  1- 3 |  4- 6 |  7- 9 || total
---------------------------+-------+-------+-------++-------
  Melee: Dagger            |    54 |    63 |       ||   117
         Hand axe          |    54 |    85 |   117 ||   256
         Short sword       |       |    14 |     9 ||    23
         Spear             |       |       |   125 ||   125
    Use: Potion            |       |     1 |     6 ||     7
         Scroll            |       |       |     8 ||     8
   Stab: Sleeping          |       |     1 |     4 ||     5
         Petrifying        |       |       |     3 ||     3
         Distracted        |       |       |     1 ||     1
 Armour: Leather armour    |    15 |     9 |   136 ||   160
         Chain mail        |    23 |    56 |       ||    79
  Dodge: Dodged            |    26 |    36 |    93 ||   155

Table legend: (Time is in decaauts)
 A = Elapsed time spent in this place.
 B = Non-inter-level travel time spent in this place.
 C = Inter-level travel time spent in this place.
 D = Time resting spent in this place.
 E = Time spent auto-exploring this place.
 F = Levels seen in this place.
 G = Mean time per level.
                   A        B        C        D        E       F      G
               +--------+--------+--------+--------+--------+-----+--------+
         Total |   4143 |   3998 |    145 |    295 |   2842 |   7 |  591.9 |
       Dungeon |   4142 |   3998 |    144 |    295 |   2842 |   6 |  690.3 |
        Temple |      1 |      1 |      0 |      0 |      0 |   1 |    1.0 |
               +--------+--------+--------+--------+--------+-----+--------+

Top non-repeatable levels by time:
     D:5: 1082 daAuts
     D:3: 1032 daAuts
     D:2: 557 daAuts
     D:4: 549 daAuts
     D:1: 545 daAuts
     D:6: 374 daAuts
  Temple: 1 daAuts
